Penguins vs Wild

Created - Thursday, January 16, 2025 at 06:56

Goals
1 2 3 T
Penguins 0 0 2 2
Wild 1 2 0 3
Shots
1 2 3 T
Penguins 10 9 11 30
Wild 12 7 12 31

1st period

1. Wild , Viktor Neuchev 15 (Marc Johnstone 13, Patrick Khodorenko 14) at 5:08

Penalties :
Blake McLaughlin (IOW) for Interference (Minor) at 9:21, Corey Schueneman (WBS) for Holding (Minor) at 14:01, Jake Bischoff (IOW) for High sticking (Minor) at 18:29

2nd period

2. Wild , Scott Reedy 17 (Andy Welinski 16, Alec Regula 20) at 8:04
3. Wild , Yan Kuznetsov 8 (Maxim Groshev 12, Mark Senden 2) at 14:35 (PP)

Penalties :
Patrick Khodorenko (IOW) for Slashing (Minor) at 2:30, Tyson Hinds (WBS) for Tripping (Minor) at 4:58, Anthony Deangelo (WBS) for Slashing (Minor) at 5:32, Anthony Deangelo (WBS) for Hooking (Minor) at 8:22, Anton Blidh (IOW) for Tripping (Minor) at 9:19, Tyler Kleven (WBS) for Roughing (Minor) at 14:29, Tory Dello (IOW) for Tripping (Minor) at 14:55, Jake Bischoff (IOW) for Tripping (Minor) at 17:11, Daniel Torgersson (WBS) for Hooking (Minor) at 17:11, Brendan Lemieux (WBS) for Delaying the game (Minor) at 19:47

3rd period

4. Penguins , Nikita Chibrikov 23 (Jakub Zboril 8, Lucas Edmonds 20) at 3:20
5. Penguins , Tyson Hinds 2 (Jakub Zboril 9, Daniel Torgersson 8) at 11:03

Penalties :
Jake Massie (WBS) for Tripping (Minor) at 12:13, Simon Johansson (IOW) for Hooking (Minor) at 13:35, Patrick Khodorenko (IOW) for Roughing (Minor) at 18:23

Goalie Stats

Mitchell Weeks (WBS), 28 saves from 31 shots - (0.903), L, 1-5-0, 59:17 minutes
Magnus Hellberg (IOW), 28 saves from 30 shots - (0.933), W, 9-12-3, 60:00 minutes

Players Stats for Penguins

Player Name              G  A  P  +/- PIM S  H  SB GA TA FO     MP     PP MP  PK MP  
------------------------------------------------------------------------------------
Anthony Deangelo         0  0  0   0  4   2  1  1  0  0  0/0    22:03   6:38   3:28 
Antti Saarela            0  0  0   1  0   1  2  0  0  0  8/23   18:28   6:29   0:00 
Austin Watson            0  0  0   0  0   8  4  0  0  0  1/16   22:08   4:51   4:49 
Brayden Tracey           0  0  0  -1  0   1  0  0  0  0  1/2    20:15   5:22   2:14 
Brendan Lemieux          0  0  0   0  2   0  0  0  0  0  0/0    12:31   0:00   3:33 
Corey Schueneman         0  0  0   0  2   3  1  1  0  0  0/0    20:54   5:28   2:30 
Daniel Torgersson        0  1  1  -1  2   0  0  1  0  0  0/0    14:54   0:00   0:18 
Farm Player 115          0  0  0  -1  0   0  1  0  0  0  5/13   14:46   0:00   1:04 
Jake Massie              0  0  0   0  2   0  2  0  0  0  0/0    20:20   5:41   2:13 
Jakub Zboril             0  2  2   0  0   1  1  2  0  0  0/0    12:59   0:00   0:20 
Lucas Edmonds            0  1  1   1  0   3  2  0  0  0  1/1    18:56   6:29   0:00 
Marcel Marcel            0  0  0   0  0   1  0  0  0  0  1/1     3:58   0:31   0:00 
Nikita Chibrikov         1  0  1   1  0   5  0  0  0  0  1/1    21:00   6:29   1:26 
Ozzy Wiesblatt           0  0  0   0  0   0  0  0  0  0  0/0     0:00   0:00   0:00 
Roni Hirvonen            0  0  0   0  0   0  0  0  0  0  0/0     0:00   0:00   0:00 
Ryan Winterton           0  0  0   0  0   2  0  0  0  0  13/27  21:00   5:22   3:39 
Tyler Kleven             0  0  0   0  2   2  4  0  0  0  0/0    23:18   5:13   4:18 
Tyson Hinds              1  0  1   0  2   1  2  3  0  0  0/0    18:23   0:42   4:26 

Players Stats for Wild

Player Name              G  A  P  +/- PIM S  H  SB GA TA FO     MP     PP MP  PK MP  
------------------------------------------------------------------------------------
Alec Regula              0  1  1   1  0   1  1  2  0  0  0/0    18:00   5:00   5:16 
Andy Welinski            0  1  1  -1  0   2  1  2  0  0  0/0    24:12   5:00   4:45 
Anton Blidh              0  0  0  -1  2   3  0  1  0  0  2/6    15:45   4:10   3:04 
Blake McLaughlin         0  0  0   0  2   0  0  0  0  0  0/0     4:01   0:00   0:00 
Dan Renouf               0  0  0  -2  0   1  0  0  0  0  0/0     8:16   0:00   0:48 
Jack Becker              0  0  0   0  0   2  3  0  0  0  5/7    15:02   0:00   0:00 
Jake Bischoff            0  0  0   0  4   1  3  0  0  0  0/0    13:49   0:00   0:16 
Kyle Marino              0  0  0   0  0   3  0  0  0  0  7/13   13:06   0:00   0:12 
Marc Johnstone           0  1  1   1  0   1  1  0  0  0  1/1    16:48   4:45   0:00 
Mark Senden              0  1  1   0  0   0  0  0  0  0  2/2     2:18   0:06   0:00 
Maxim Groshev            0  1  1  -1  0   3  0  0  0  0  1/2    21:35   4:11   7:32 
Patrick Khodorenko       0  1  1   1  4   5  5  0  0  0  15/22  16:46   4:45   0:00 
Scott Reedy              1  0  1   0  0   2  3  1  0  0  20/30  23:05   4:05   6:39 
Simon Johansson          0  0  0   0  2   0  1  1  0  0  0/0    20:47   3:55   5:25 
Stefan Matteau           0  0  0   0  0   2  1  1  0  0  0/0    13:52   0:00   2:12 
Tory Dello               0  0  0   0  2   0  0  1  0  0  0/0    14:00   0:00   0:57 
Viktor Neuchev           1  0  1   1  0   4  0  0  0  0  0/1    21:53   4:45   4:03 
Yan Kuznetsov            1  0  1   1  0   1  0  0  0  0  0/0    21:08   3:56   6:15 

3 Stars

1 - Scott Reedy (IOW)
2 - Viktor Neuchev (IOW)
3 - Yan Kuznetsov (IOW)

Power Play

Penguins - 0 on 7 Attempt(s) - 0.00%
Wild - 1 on 7 Attempt(s) - 14.29%

Penalty Kill

Penguins - 6 on 7 Attempt(s) - 85.71% - Score 0 goal in Penalty Kill
Wild - 7 on 7 Attempt(s) - 100.00% - Score 0 goal in Penalty Kill

Team Stat

Penguins - Hits : 20 - Faceoff Wins : 31 - Blocked Shots : 8 - Penalty Minutes : 16
Wild - Hits : 19 - Faceoff Wins : 53 - Blocked Shots : 9 - Penalty Minutes : 16

Official

Referees : Corey Syvret and Tj Luxmore
Linesman : Justin Johnson and Ben O'Quinn

Game Notes

No Game Note

Finance

Level 1 -- Attendance: 2000 (100.00%) -- Ticket Income $70,000
Level 2 -- Attendance: 899 (89.90%) -- Ticket Income $13,485
Total Attendance: 2899 (96.63%)
Total Ticket Income: $83,485
Other Income: $40,908
Total Income: $124,393

Penguins

5 vs 5 Forward 
   Center                   Left Wing                Right Wing               Time % Phy DF OF 
 1 Ryan Winterton           Austin Watson            Brendan Lemieux          25     1   2  2  
 2 Antti Saarela            Nikita Chibrikov         Lucas Edmonds            25     1   2  2  
 3 Farm Player 115          Brayden Tracey           Daniel Torgersson        25     1   2  2  
 4 Austin Watson            Daniel Torgersson        Ryan Winterton           25     1   2  2  

5 vs 5 Defense 
   Defense                  Defense                                           Time % Phy DF OF 
 1 Jake Massie              Anthony Deangelo                                  25     1   2  2  
 2 Corey Schueneman         Tyler Kleven                                      25     1   2  2  
 3 Jakub Zboril             Tyson Hinds                                       25     1   2  2  
 4 Jake Massie              Anthony Deangelo                                  25     1   2  2  

PowerPlay Forward 
   Center                   Left Wing                Right Wing               Time % Phy DF OF 
 1 Ryan Winterton           Austin Watson            Brayden Tracey           60     1   2  2  
 2 Antti Saarela            Nikita Chibrikov         Lucas Edmonds            40     1   2  2  

PowerPlay Defense
   Defense                  Defense                                           Time % Phy DF OF 
 1 Jake Massie              Anthony Deangelo                                  60     1   2  2  
 2 Corey Schueneman         Tyler Kleven                                      40     1   2  2  

Penalty Kill 4 Players Forward 
   Center                   Wing                     Time % Phy DF OF 
 1 Austin Watson            Brendan Lemieux          60     1   2  2  
 2 Ryan Winterton           Nikita Chibrikov         40     1   2  2  

Penalty Kill 4 Players Defense
   Defense                  Defense                  Time % Phy DF OF 
 1 Tyson Hinds              Anthony Deangelo         60     1   2  2  
 2 Corey Schueneman         Tyler Kleven             40     1   2  2  

Penalty Kill - 3 Players Forward 
   Forward                                           Time % Phy DF OF 
 1 Austin Watson                                     60     1   2  2  
 2 Ryan Winterton                                    40     1   2  2  

Penalty Kill - 3 Players Defense
   Defense                  Defense                  Time % Phy DF OF 
 1 Jake Massie              Anthony Deangelo         60     1   2  2  
 2 Corey Schueneman         Tyler Kleven             40     1   2  2  

4 vs 4 Forward 
   Center                   Wing                     Time % Phy DF OF 
 1 Austin Watson            Brayden Tracey           60     1   2  2  
 2 Ryan Winterton           Nikita Chibrikov         40     1   2  2  

4 vs 4 Defense
   Defense                  Defense                  Time % Phy DF OF 
 1 Jake Massie              Anthony Deangelo         60     1   2  2  
 2 Corey Schueneman         Tyler Kleven             40     1   2  2  

Last Minutes Offensive
   Center                   Left Wing                Right Wing               Defense                  Defense                  
   Ryan Winterton           Austin Watson            Brendan Lemieux          Corey Schueneman         Anthony Deangelo         

Last Minutes Defensive
   Center                   Left Wing                Right Wing               Defense                  Defense                  
   Ryan Winterton           Austin Watson            Brendan Lemieux          Corey Schueneman         Anthony Deangelo         

Goaltenders
Starting : Mitchell Weeks           
Backup : Aaron Dell               

Extra Forwards
Normal : Marcel Marcel, Brayden Tracey, Austin Watson - PP : Marcel Marcel, Brayden Tracey - PK : Austin Watson
Extra Defensemen
Normal : Anthony Deangelo, Tyson Hinds, Jake Massie - PP : Anthony Deangelo - PK : Tyson Hinds, Jake Massie
Penalty Shots
Austin Watson, Brendan Lemieux, Ryan Winterton, Nikita Chibrikov, Brayden Tracey
Custom OT Lines Forwards
Austin Watson, Brendan Lemieux, Ryan Winterton, Nikita Chibrikov, Brayden Tracey, Lucas Edmonds, Farm Player 115, Daniel Torgersson, Antti Saarela, Marcel Marcel
Custom OT Lines Defensemen
Tyson Hinds, Anthony Deangelo, Corey Schueneman, Tyler Kleven, Jake Massie

Scratches
Farm Player 17 (Healthy), Farm Player 19 (Healthy), Thomas Milic (Healthy), Nico Daws (Healthy)

Wild

5 vs 5 Forward 
   Center                   Left Wing                Right Wing               Time % Phy DF OF 
 1 Scott Reedy              Maxim Groshev            Anton Blidh              25     1   2  2  
 2 Patrick Khodorenko       Viktor Neuchev           Marc Johnstone           25     1   2  2  
 3 Kyle Marino              Stefan Matteau           Jack Becker              25     1   2  2  
 4 Jack Becker              Blake McLaughlin         Scott Reedy              25     1   2  2  

5 vs 5 Defense 
   Defense                  Defense                                           Time % Phy DF OF 
 1 Andy Welinski            Alec Regula                                       25     1   2  2  
 2 Yan Kuznetsov            Simon Johansson                                   25     1   2  2  
 3 Jake Bischoff            Tory Dello                                        25     1   2  2  
 4 Dan Renouf               Andy Welinski                                     25     1   2  2  

PowerPlay Forward 
   Center                   Left Wing                Right Wing               Time % Phy DF OF 
 1 Scott Reedy              Maxim Groshev            Anton Blidh              60     1   2  2  
 2 Patrick Khodorenko       Viktor Neuchev           Marc Johnstone           40     1   2  2  

PowerPlay Defense
   Defense                  Defense                                           Time % Phy DF OF 
 1 Andy Welinski            Alec Regula                                       60     1   2  2  
 2 Yan Kuznetsov            Simon Johansson                                   40     1   2  2  

Penalty Kill 4 Players Forward 
   Center                   Wing                     Time % Phy DF OF 
 1 Scott Reedy              Maxim Groshev            60     1   2  2  
 2 Anton Blidh              Viktor Neuchev           40     1   2  2  

Penalty Kill 4 Players Defense
   Defense                  Defense                  Time % Phy DF OF 
 1 Andy Welinski            Alec Regula              60     1   2  2  
 2 Yan Kuznetsov            Simon Johansson          40     1   2  2  

Penalty Kill - 3 Players Forward 
   Forward                                           Time % Phy DF OF 
 1 Scott Reedy                                       60     1   2  2  
 2 Maxim Groshev                                     40     1   2  2  

Penalty Kill - 3 Players Defense
   Defense                  Defense                  Time % Phy DF OF 
 1 Andy Welinski            Alec Regula              60     1   2  2  
 2 Yan Kuznetsov            Simon Johansson          40     1   2  2  

4 vs 4 Forward 
   Center                   Wing                     Time % Phy DF OF 
 1 Scott Reedy              Maxim Groshev            60     1   2  2  
 2 Anton Blidh              Viktor Neuchev           40     1   2  2  

4 vs 4 Defense
   Defense                  Defense                  Time % Phy DF OF 
 1 Andy Welinski            Alec Regula              60     1   2  2  
 2 Yan Kuznetsov            Simon Johansson          40     1   2  2  

Last Minutes Offensive
   Center                   Left Wing                Right Wing               Defense                  Defense                  
   Scott Reedy              Maxim Groshev            Anton Blidh              Andy Welinski            Alec Regula              

Last Minutes Defensive
   Center                   Left Wing                Right Wing               Defense                  Defense                  
   Scott Reedy              Maxim Groshev            Anton Blidh              Andy Welinski            Alec Regula              

Goaltenders
Starting : Magnus Hellberg          
Backup : Collin Delia             

Extra Forwards
Normal : Mark Senden, Kyle Marino, Stefan Matteau - PP : Mark Senden, Kyle Marino - PK : Stefan Matteau
Extra Defensemen
Normal : Jake Bischoff, Tory Dello, Dan Renouf - PP : Jake Bischoff - PK : Tory Dello, Dan Renouf
Penalty Shots
Scott Reedy, Maxim Groshev, Anton Blidh, Viktor Neuchev, Patrick Khodorenko
Custom OT Lines Forwards
Scott Reedy, Maxim Groshev, Anton Blidh, Viktor Neuchev, Patrick Khodorenko, Kyle Marino, Stefan Matteau, Jack Becker, Marc Johnstone, Mark Senden
Custom OT Lines Defensemen
Andy Welinski, Alec Regula, Yan Kuznetsov, Simon Johansson, Jake Bischoff

Scratches
Brenden Miller (Healthy), Zach Berzolla (Healthy)

% Time on Ice - Penguins

Lines # - Real PCT - Wanted PCT - Time Play
Normal Forward
1 - 25% - 25% - 8:59
2 - 34% - 25% - 11:59
3 - 35% - 25% - 12:21
4 - 6% - 25% - 2:16
Normal Defense
1 - 15% - 25% - 5:19
2 - 33% - 25% - 11:53
3 - 36% - 25% - 12:39
4 - 16% - 25% - 5:44
PP Forward
1 - 45% - 60% - 5:22
2 - 55% - 40% - 6:29
PP Defense
1 - 54% - 60% - 6:23
2 - 46% - 40% - 5:28
PK Forward
1 - 81% - 60% - 6:05
2 - 19% - 40% - 1:26
PK Defense
1 - 64% - 60% - 4:47
2 - 36% - 40% - 2:44
PK3 Forward
1 - 100% - 60% - 1:25
2 - 0% - 40% - 0:00
PK3 Defense
1 - 46% - 60% - 0:39
2 - 54% - 40% - 0:46
44 Forward
1 - 80% - 60% - 2:54
2 - 20% - 40% - 0:44
44 Defense
1 - 71% - 60% - 2:34
2 - 29% - 40% - 1:04
Last Minute Offensive  - 0:00
Last Minute Defensive  - 0:00
Total
Forward - 60:00
Defense - 60:00

% Time on Ice - Wild

Lines # - Real PCT - Wanted PCT - Time Play
Normal Forward
1 - 22% - 25% - 7:50
2 - 34% - 25% - 12:03
3 - 33% - 25% - 11:40
4 - 11% - 25% - 4:02
Normal Defense
1 - 16% - 25% - 5:42
2 - 27% - 25% - 9:35
3 - 36% - 25% - 12:50
4 - 21% - 25% - 7:28
PP Forward
1 - 47% - 60% - 4:11
2 - 53% - 40% - 4:45
PP Defense
1 - 56% - 60% - 5:00
2 - 44% - 40% - 3:56
PK Forward
1 - 70% - 60% - 8:21
2 - 30% - 40% - 3:30
PK Defense
1 - 44% - 60% - 5:16
2 - 56% - 40% - 6:35
PK3 Forward
1 - 0% - 60%
2 - 0% - 40%
PK3 Defense
1 - 0% - 60%
2 - 0% - 40%
44 Forward
1 - 72% - 60% - 2:36
2 - 28% - 40% - 1:02
44 Defense
1 - 56% - 60% - 2:02
2 - 44% - 40% - 1:36
Last Minute Offensive  - 0:00
Last Minute Defensive  - 0:00
Total
Forward - 60:00
Defense - 60:00

Play-by-Play

1st period


0:01 of 1st period - Scott Reedy wins face-off versus Ryan Winterton in neutral zone.
0:48 of 1st period - Shot by Viktor Neuchev.
0:48 of 1st period - Stopped by Mitchell Weeks without a rebound.
0:49 of 1st period - Kyle Marino wins face-off versus Antti Saarela in Penguins zone.
0:53 of 1st period - Icing by Corey Schueneman.
0:54 of 1st period - Antti Saarela wins face-off versus Kyle Marino in Penguins zone.
2:10 of 1st period - Shot by Patrick Khodorenko.
2:10 of 1st period - Shot Misses the Net.
2:31 of 1st period - Icing by Dan Renouf.
2:32 of 1st period - Ryan Winterton wins face-off versus Scott Reedy in Wild zone.
2:41 of 1st period - Shot by Austin Watson.
2:41 of 1st period - Shot Misses the Net.
2:55 of 1st period - Shot by Anton Blidh.
2:55 of 1st period - Shot Misses the Net.
3:08 of 1st period - Icing by Jake Massie.
3:09 of 1st period - Ryan Winterton wins face-off versus Kyle Marino in Penguins zone.
3:09 of 1st period - Ryan Winterton is hit by Jack Becker.
3:14 of 1st period - Anthony Deangelo is hit by Jake Bischoff and loses puck.
4:01 of 1st period - Lucas Edmonds is hit by Stefan Matteau and loses puck.
4:26 of 1st period - Shot by Patrick Khodorenko.
4:26 of 1st period - Stopped by Mitchell Weeks without a rebound.
4:27 of 1st period - Farm Player 115 wins face-off versus Anton Blidh in Penguins zone.
4:27 of 1st period - Farm Player 115 is hit by Scott Reedy.
4:40 of 1st period - Icing by Daniel Torgersson.
4:41 of 1st period - Farm Player 115 wins face-off versus Patrick Khodorenko in Penguins zone.
4:41 of 1st period - Farm Player 115 is hit by Patrick Khodorenko.
5:08 of 1st period - Shot by Viktor Neuchev.
5:08 of 1st period - Goal by Viktor Neuchev - Penguins : 0 - Wild : 1.
5:09 of 1st period - Scott Reedy wins face-off versus Ryan Winterton in neutral zone.
5:21 of 1st period - Shot by Maxim Groshev.
5:21 of 1st period - Shot Misses the Net.
5:27 of 1st period - Shot by Anton Blidh.
5:27 of 1st period - Stopped by Mitchell Weeks without a rebound.
5:28 of 1st period - Antti Saarela wins face-off versus Kyle Marino in Penguins zone.
5:41 of 1st period - Shot by Nikita Chibrikov.
5:41 of 1st period - Stopped by Magnus Hellberg with a rebound.
5:43 of 1st period - Shot by Corey Schueneman.
5:43 of 1st period - Shot Blocked by Tory Dello.
5:45 of 1st period - Shot by Corey Schueneman.
5:45 of 1st period - Shot Misses the Net.
5:47 of 1st period - Shot by Corey Schueneman.
5:47 of 1st period - Stopped by Magnus Hellberg with a rebound.
5:49 of 1st period - Shot by Nikita Chibrikov.
5:49 of 1st period - Shot Blocked by Stefan Matteau.
5:51 of 1st period - Shot by Lucas Edmonds.
5:51 of 1st period - Shot Misses the Net.
6:44 of 1st period - Shot by Patrick Khodorenko.
6:44 of 1st period - Stopped by Mitchell Weeks without a rebound.
6:45 of 1st period - Scott Reedy wins face-off versus Farm Player 115 in Penguins zone.
6:53 of 1st period - Off-side.
6:54 of 1st period - Scott Reedy wins face-off versus Antti Saarela in neutral zone.
6:54 of 1st period - Scott Reedy is hit by Lucas Edmonds.
7:20 of 1st period - Shot by Anton Blidh.
7:20 of 1st period - Stopped by Mitchell Weeks without a rebound.
7:21 of 1st period - Farm Player 115 wins face-off versus Patrick Khodorenko in Penguins zone.
7:21 of 1st period - Farm Player 115 is hit by Patrick Khodorenko.
8:18 of 1st period - Shot by Austin Watson.
8:18 of 1st period - Deflect By Ryan Winterton.
8:18 of 1st period - Shot Misses the Net.
8:20 of 1st period - Shot by Jake Massie.
8:20 of 1st period - Shot Misses the Net.
8:22 of 1st period - Shot by Austin Watson.
8:22 of 1st period - Deflect By Brendan Lemieux.
8:22 of 1st period - Shot Misses the Net.
8:59 of 1st period - Icing by Andy Welinski.
9:00 of 1st period - Patrick Khodorenko wins face-off versus Antti Saarela in Wild zone.
9:09 of 1st period - Shot by Nikita Chibrikov.
9:09 of 1st period - Deflect By Antti Saarela.
9:09 of 1st period - Shot Misses the Net.
9:11 of 1st period - Shot by Jakub Zboril.
9:11 of 1st period - Stopped by Magnus Hellberg without a rebound.
9:12 of 1st period - Jack Becker wins face-off versus Farm Player 115 in Wild zone.
9:21 of 1st period - Minor Penalty to Blake McLaughlin for Interference.
9:22 of 1st period - Antti Saarela wins face-off versus Scott Reedy in Wild zone.
9:32 of 1st period - Icing by Tyler Kleven.
9:33 of 1st period - Scott Reedy wins face-off versus Antti Saarela in Penguins zone.
9:36 of 1st period - Shot by Scott Reedy.
9:36 of 1st period - Deflect By Maxim Groshev.
9:36 of 1st period - Stopped by Mitchell Weeks without a rebound.
9:37 of 1st period - Scott Reedy wins face-off versus Austin Watson in Penguins zone.
9:55 of 1st period - Shot by Ryan Winterton.
9:55 of 1st period - Stopped by Magnus Hellberg without a rebound.
9:56 of 1st period - Nikita Chibrikov wins face-off versus Scott Reedy in Wild zone.
10:26 of 1st period - Shot by Corey Schueneman.
10:26 of 1st period - Shot Misses the Net.
10:28 of 1st period - Shot by Tyler Kleven.
10:28 of 1st period - Stopped by Magnus Hellberg with a rebound.
10:30 of 1st period - Shot by Nikita Chibrikov.
10:30 of 1st period - Stopped by Magnus Hellberg without a rebound.
10:31 of 1st period - Ryan Winterton wins face-off versus Anton Blidh in Wild zone.
10:46 of 1st period - Tory Dello is hit by Austin Watson and loses puck.
12:50 of 1st period - Icing by Andy Welinski.
12:51 of 1st period - Ryan Winterton wins face-off versus Scott Reedy in Wild zone.
12:52 of 1st period - Shot by Anthony Deangelo.
12:52 of 1st period - Stopped by Magnus Hellberg with a rebound.
13:14 of 1st period - Shot by Brendan Lemieux.
13:14 of 1st period - Shot Blocked by Anton Blidh.
13:16 of 1st period - Shot by Austin Watson.
13:16 of 1st period - Stopped by Magnus Hellberg with a rebound.
13:18 of 1st period - Shot by Jake Massie.
13:18 of 1st period - Deflect By Austin Watson.
13:18 of 1st period - Stopped by Magnus Hellberg without a rebound.
13:19 of 1st period - Kyle Marino wins face-off versus Farm Player 115 in Wild zone.
13:28 of 1st period - Shot by Jack Becker.
13:28 of 1st period - Shot Misses the Net.
13:32 of 1st period - Shot by Jake Bischoff.
13:32 of 1st period - Shot Misses the Net.
13:34 of 1st period - Shot by Stefan Matteau.
13:34 of 1st period - Shot Misses the Net.
13:36 of 1st period - Shot by Jake Bischoff.
13:36 of 1st period - Shot Blocked by Tyson Hinds.
13:38 of 1st period - Shot by Kyle Marino.
13:38 of 1st period - Shot Blocked by Jakub Zboril.
13:40 of 1st period - Shot by Kyle Marino.
13:40 of 1st period - Stopped by Mitchell Weeks with a rebound.
13:42 of 1st period - Shot by Jack Becker.
13:42 of 1st period - Stopped by Mitchell Weeks without a rebound.
13:43 of 1st period - Antti Saarela wins face-off versus Patrick Khodorenko in Penguins zone.
13:43 of 1st period - Antti Saarela is hit by Patrick Khodorenko.
13:53 of 1st period - Yan Kuznetsov is hit by Lucas Edmonds and loses puck.
14:01 of 1st period - Minor Penalty to Corey Schueneman for Holding.
14:02 of 1st period - Scott Reedy wins face-off versus Austin Watson in Penguins zone.
14:47 of 1st period - Ryan Winterton is hit by Patrick Khodorenko.
15:00 of 1st period - Shot by Viktor Neuchev.
15:00 of 1st period - Shot Misses the Net.
15:02 of 1st period - Shot by Patrick Khodorenko.
15:02 of 1st period - Stopped by Mitchell Weeks without a rebound.
15:03 of 1st period - Scott Reedy wins face-off versus Austin Watson in Penguins zone.
15:14 of 1st period - Shot by Yan Kuznetsov.
15:14 of 1st period - Shot Misses the Net.
15:16 of 1st period - Shot by Maxim Groshev.
15:16 of 1st period - Stopped by Mitchell Weeks without a rebound.
15:17 of 1st period - Ryan Winterton wins face-off versus Patrick Khodorenko in Penguins zone.
17:22 of 1st period - Shot by Maxim Groshev.
17:22 of 1st period - Stopped by Mitchell Weeks without a rebound.
17:23 of 1st period - Patrick Khodorenko wins face-off versus Antti Saarela in Penguins zone.
18:13 of 1st period - Brendan Lemieux is hit by Alec Regula and loses puck.
18:22 of 1st period - Shot by Brendan Lemieux.
18:22 of 1st period - Shot Misses the Net.
18:24 of 1st period - Shot by Anthony Deangelo.
18:24 of 1st period - Shot Misses the Net.
18:26 of 1st period - Shot by Jake Massie.
18:26 of 1st period - Shot Misses the Net.
18:28 of 1st period - Shot by Ryan Winterton.
18:28 of 1st period - Stopped by Magnus Hellberg without a rebound.
18:29 of 1st period - Ryan Winterton wins face-off versus Jack Becker in Wild zone.
18:29 of 1st period - Minor Penalty to Jake Bischoff for High sticking.
18:30 of 1st period - Ryan Winterton wins face-off versus Scott Reedy in Wild zone.
19:07 of 1st period - Anton Blidh is hit by Austin Watson and loses puck.
19:21 of 1st period - Icing by Lucas Edmonds.
19:22 of 1st period - Scott Reedy wins face-off versus Antti Saarela in Penguins zone.
Goals for this period are 0 for Penguins vs 1 for Wild.
Shots for this period are 10 for Penguins vs 12 for Wild.

2nd period


0:01 of 2nd period - Ryan Winterton wins face-off versus Scott Reedy in neutral zone.
1:24 of 2nd period - Shot by Patrick Khodorenko.
1:24 of 2nd period - Shot Misses the Net.
1:26 of 2nd period - Shot by Alec Regula.
1:26 of 2nd period - Stopped by Mitchell Weeks without a rebound.
1:27 of 2nd period - Ryan Winterton wins face-off versus Scott Reedy in Penguins zone.
1:52 of 2nd period - Shot by Scott Reedy.
1:52 of 2nd period - Stopped by Mitchell Weeks without a rebound.
1:53 of 2nd period - Patrick Khodorenko wins face-off versus Farm Player 115 in Penguins zone.
2:01 of 2nd period - Brayden Tracey is hit by Simon Johansson and loses puck.
2:30 of 2nd period - Minor Penalty to Patrick Khodorenko for Slashing.
2:31 of 2nd period - Scott Reedy wins face-off versus Antti Saarela in Wild zone.
2:52 of 2nd period - Shot by Anthony Deangelo.
2:52 of 2nd period - Shot Blocked by Andy Welinski.
2:54 of 2nd period - Shot by Anthony Deangelo.
2:54 of 2nd period - Shot Blocked by Alec Regula.
3:00 of 2nd period - Shot by Antti Saarela.
3:00 of 2nd period - Stopped by Magnus Hellberg without a rebound.
3:01 of 2nd period - Brayden Tracey wins face-off versus Anton Blidh in Wild zone.
3:07 of 2nd period - Shot by Austin Watson.
3:07 of 2nd period - Stopped by Magnus Hellberg without a rebound.
3:08 of 2nd period - Ryan Winterton wins face-off versus Scott Reedy in Wild zone.
3:17 of 2nd period - Shot by Ryan Winterton.
3:17 of 2nd period - Shot Blocked by Simon Johansson.
4:58 of 2nd period - Minor Penalty to Tyson Hinds for Tripping.
4:59 of 2nd period - Patrick Khodorenko wins face-off versus Austin Watson in Penguins zone.
4:59 of 2nd period - Patrick Khodorenko is hit by Tyler Kleven.
5:27 of 2nd period - Shot by Marc Johnstone.
5:27 of 2nd period - Shot Blocked by Anthony Deangelo.
5:32 of 2nd period - Minor Penalty to Anthony Deangelo for Slashing.
5:33 of 2nd period - Scott Reedy wins face-off versus Austin Watson in Penguins zone.
6:49 of 2nd period - Icing by Yan Kuznetsov.
6:50 of 2nd period - Patrick Khodorenko wins face-off versus Austin Watson in Wild zone.
7:00 of 2nd period - Icing by Patrick Khodorenko.
7:01 of 2nd period - Patrick Khodorenko wins face-off versus Austin Watson in Wild zone.
7:25 of 2nd period - Icing by Andy Welinski.
7:26 of 2nd period - Scott Reedy wins face-off versus Ryan Winterton in Wild zone.
7:41 of 2nd period - Antti Saarela is hit by Jake Bischoff and loses puck.
7:46 of 2nd period - Shot by Lucas Edmonds.
7:46 of 2nd period - Stopped by Magnus Hellberg without a rebound.
7:47 of 2nd period - Jack Becker wins face-off versus Brayden Tracey in Wild zone.
7:53 of 2nd period - Andy Welinski is hit by Tyson Hinds and loses puck.
8:00 of 2nd period - Shot by Scott Reedy.
8:00 of 2nd period - Shot Blocked by Tyson Hinds.
8:02 of 2nd period - Shot by Andy Welinski.
8:02 of 2nd period - Shot Misses the Net.
8:04 of 2nd period - Shot by Scott Reedy.
8:04 of 2nd period - Goal by Scott Reedy - Penguins : 0 - Wild : 2.
8:05 of 2nd period - Kyle Marino wins face-off versus Antti Saarela in neutral zone.
8:08 of 2nd period - Shot by Jack Becker.
8:08 of 2nd period - Shot Misses the Net.
8:10 of 2nd period - Shot by Tory Dello.
8:10 of 2nd period - Shot Misses the Net.
8:22 of 2nd period - Minor Penalty to Anthony Deangelo for Hooking.
8:23 of 2nd period - Patrick Khodorenko wins face-off versus Austin Watson in Penguins zone.
8:27 of 2nd period - Shot by Andy Welinski.
8:27 of 2nd period - Shot Misses the Net.
8:29 of 2nd period - Shot by Patrick Khodorenko.
8:29 of 2nd period - Stopped by Mitchell Weeks without a rebound.
8:30 of 2nd period - Patrick Khodorenko wins face-off versus Austin Watson in Penguins zone.
8:56 of 2nd period - Alec Regula is hit by Tyson Hinds and loses puck.
9:19 of 2nd period - Minor Penalty to Anton Blidh for Tripping.
9:20 of 2nd period - Marcel Marcel wins face-off versus Scott Reedy in Wild zone.
9:23 of 2nd period - Shot by Brayden Tracey.
9:23 of 2nd period - Shot Misses the Net.
9:48 of 2nd period - Shot by Brayden Tracey.
9:48 of 2nd period - Stopped by Magnus Hellberg with a rebound.
10:53 of 2nd period - Shot by Stefan Matteau.
10:53 of 2nd period - Shot Blocked by Tyson Hinds.
10:59 of 2nd period - Shot by Viktor Neuchev.
10:59 of 2nd period - Shot Misses the Net.
11:01 of 2nd period - Shot by Viktor Neuchev.
11:01 of 2nd period - Shot Misses the Net.
11:03 of 2nd period - Shot by Viktor Neuchev.
11:03 of 2nd period - Stopped by Mitchell Weeks without a rebound.
11:04 of 2nd period - Scott Reedy wins face-off versus Ryan Winterton in Penguins zone.
11:19 of 2nd period - Shot by Ryan Winterton.
11:19 of 2nd period - Shot Misses the Net.
11:34 of 2nd period - Tory Dello is hit by Austin Watson and loses puck.
12:09 of 2nd period - Shot by Patrick Khodorenko.
12:09 of 2nd period - Shot Misses the Net.
13:08 of 2nd period - Dan Renouf is hit by Anthony Deangelo and loses puck.
13:41 of 2nd period - Shot by Austin Watson.
13:41 of 2nd period - Stopped by Magnus Hellberg without a rebound.
13:42 of 2nd period - Scott Reedy wins face-off versus Ryan Winterton in Wild zone.
14:14 of 2nd period - Icing by Ryan Winterton.
14:15 of 2nd period - Ryan Winterton wins face-off versus Kyle Marino in Penguins zone.
14:15 of 2nd period - Ryan Winterton is hit by Jack Becker.
14:28 of 2nd period - Yan Kuznetsov is hit by Corey Schueneman and loses puck.
14:29 of 2nd period - Minor Penalty to Tyler Kleven for Roughing.
14:30 of 2nd period - Mark Senden wins face-off versus Ryan Winterton in Penguins zone.
14:33 of 2nd period - Shot by Yan Kuznetsov.
14:33 of 2nd period - Shot Misses the Net.
14:35 of 2nd period - Shot by Yan Kuznetsov.
14:35 of 2nd period - Goal by Yan Kuznetsov - Penguins : 0 - Wild : 3.
14:36 of 2nd period - Antti Saarela wins face-off versus Kyle Marino in neutral zone.
14:36 of 2nd period - Antti Saarela is hit by Jack Becker.
14:40 of 2nd period - Tory Dello is hit by Antti Saarela.
14:48 of 2nd period - Shot by Nikita Chibrikov.
14:48 of 2nd period - Shot Misses the Net.
14:50 of 2nd period - Shot by Corey Schueneman.
14:50 of 2nd period - Deflect By Lucas Edmonds.
14:50 of 2nd period - Shot Misses the Net.
14:55 of 2nd period - Minor Penalty to Tory Dello for Tripping.
14:56 of 2nd period - Scott Reedy wins face-off versus Antti Saarela in Wild zone.
15:25 of 2nd period - Shot by Anthony Deangelo.
15:25 of 2nd period - Stopped by Magnus Hellberg with a rebound.
16:41 of 2nd period - Shot by Nikita Chibrikov.
16:41 of 2nd period - Stopped by Magnus Hellberg without a rebound.
16:42 of 2nd period - Ryan Winterton wins face-off versus Anton Blidh in Wild zone.
17:10 of 2nd period - Shot by Daniel Torgersson.
17:10 of 2nd period - Shot Misses the Net.
17:11 of 2nd period - Minor Penalty to Jake Bischoff for Tripping.
17:11 of 2nd period - Minor Penalty to Daniel Torgersson for Hooking.
17:12 of 2nd period - Scott Reedy wins face-off versus Austin Watson in Wild zone.
17:17 of 2nd period - Corey Schueneman is hit by Scott Reedy.
17:33 of 2nd period - Shot by Maxim Groshev.
17:33 of 2nd period - Shot Misses the Net.
17:39 of 2nd period - Shot by Marcel Marcel.
17:39 of 2nd period - Stopped by Magnus Hellberg with a rebound.
17:41 of 2nd period - Shot by Austin Watson.
17:41 of 2nd period - Stopped by Magnus Hellberg without a rebound.
17:42 of 2nd period - Ryan Winterton wins face-off versus Viktor Neuchev in Wild zone.
19:33 of 2nd period - Icing by Tyson Hinds.
19:34 of 2nd period - Patrick Khodorenko wins face-off versus Farm Player 115 in Penguins zone.
19:34 of 2nd period - Patrick Khodorenko is hit by Jakub Zboril.
19:36 of 2nd period - Shot by Viktor Neuchev.
19:36 of 2nd period - Shot Blocked by Jakub Zboril.
19:38 of 2nd period - Shot by Marc Johnstone.
19:38 of 2nd period - Stopped by Mitchell Weeks without a rebound.
19:39 of 2nd period - Patrick Khodorenko wins face-off versus Ryan Winterton in Penguins zone.
19:47 of 2nd period - Minor Penalty to Brendan Lemieux for Delaying the game.
19:48 of 2nd period - Scott Reedy wins face-off versus Austin Watson in Penguins zone.
Goals for this period are 0 for Penguins vs 2 for Wild.
Shots for this period are 9 for Penguins vs 7 for Wild.

3rd period


0:01 of 3rd period - Scott Reedy wins face-off versus Austin Watson in neutral zone.
0:22 of 3rd period - Tyler Kleven is hit by Scott Reedy and loses puck.
0:29 of 3rd period - Shot by Anton Blidh.
0:29 of 3rd period - Shot Hit the Post.
1:28 of 3rd period - Shot by Viktor Neuchev.
1:28 of 3rd period - Stopped by Mitchell Weeks without a rebound.
1:29 of 3rd period - Scott Reedy wins face-off versus Austin Watson in Penguins zone.
1:55 of 3rd period - Shot by Jack Becker.
1:55 of 3rd period - Shot Misses the Net.
1:57 of 3rd period - Shot by Stefan Matteau.
1:57 of 3rd period - Shot Misses the Net.
1:59 of 3rd period - Shot by Kyle Marino.
1:59 of 3rd period - Shot Misses the Net.
2:01 of 3rd period - Shot by Stefan Matteau.
2:01 of 3rd period - Stopped by Mitchell Weeks with a rebound.
2:14 of 3rd period - Shot by Stefan Matteau.
2:14 of 3rd period - Stopped by Mitchell Weeks with a rebound.
2:16 of 3rd period - Shot by Jake Bischoff.
2:16 of 3rd period - Stopped by Mitchell Weeks without a rebound.
2:17 of 3rd period - Austin Watson wins face-off versus Patrick Khodorenko in Penguins zone.
2:19 of 3rd period - Anthony Deangelo is hit by Patrick Khodorenko and loses puck.
2:40 of 3rd period - Shot by Austin Watson.
2:40 of 3rd period - Stopped by Magnus Hellberg with a rebound.
3:16 of 3rd period - Shot by Lucas Edmonds.
3:16 of 3rd period - Stopped by Magnus Hellberg with a rebound.
3:18 of 3rd period - Shot by Jakub Zboril.
3:18 of 3rd period - Shot Blocked by Scott Reedy.
3:20 of 3rd period - Shot by Nikita Chibrikov.
3:20 of 3rd period - Goal by Nikita Chibrikov - Penguins : 1 - Wild : 3.
3:21 of 3rd period - Kyle Marino wins face-off versus Antti Saarela in neutral zone.
3:54 of 3rd period - Stefan Matteau is hit by Antti Saarela and loses puck.
4:25 of 3rd period - Shot by Anton Blidh.
4:25 of 3rd period - Stopped by Mitchell Weeks without a rebound.
4:26 of 3rd period - Patrick Khodorenko wins face-off versus Ryan Winterton in Penguins zone.
4:29 of 3rd period - Shot by Marc Johnstone.
4:29 of 3rd period - Deflect By Viktor Neuchev.
4:29 of 3rd period - Shot Misses the Net.
4:32 of 3rd period - Icing by Anthony Deangelo.
4:33 of 3rd period - Marc Johnstone wins face-off versus Ryan Winterton in Penguins zone.
4:38 of 3rd period - Shot by Patrick Khodorenko.
4:38 of 3rd period - Stopped by Mitchell Weeks without a rebound.
4:39 of 3rd period - Patrick Khodorenko wins face-off versus Farm Player 115 in Penguins zone.
4:54 of 3rd period - Shot by Viktor Neuchev.
4:54 of 3rd period - Shot Misses the Net.
4:56 of 3rd period - Shot by Andy Welinski.
4:56 of 3rd period - Stopped by Mitchell Weeks with a rebound.
5:21 of 3rd period - Icing by Alec Regula.
5:22 of 3rd period - Lucas Edmonds wins face-off versus Patrick Khodorenko in Wild zone.
5:22 of 3rd period - Tyler Kleven is hit by Andy Welinski and loses puck.
5:40 of 3rd period - Icing by Corey Schueneman.
5:41 of 3rd period - Antti Saarela wins face-off versus Maxim Groshev in Penguins zone.
5:50 of 3rd period - Shot by Antti Saarela.
5:50 of 3rd period - Shot Misses the Net.
6:10 of 3rd period - Maxim Groshev is hit by Tyler Kleven and loses puck.
6:49 of 3rd period - Stefan Matteau is hit by Jake Massie and loses puck.
6:52 of 3rd period - Shot by Kyle Marino.
6:52 of 3rd period - Stopped by Mitchell Weeks without a rebound.
6:53 of 3rd period - Patrick Khodorenko wins face-off versus Farm Player 115 in Penguins zone.
7:16 of 3rd period - Shot by Patrick Khodorenko.
7:16 of 3rd period - Shot Misses the Net.
7:18 of 3rd period - Shot by Viktor Neuchev.
7:18 of 3rd period - Shot Blocked by Daniel Torgersson.
7:20 of 3rd period - Shot by Viktor Neuchev.
7:20 of 3rd period - Deflect By Patrick Khodorenko.
7:20 of 3rd period - Shot Misses the Net.
8:26 of 3rd period - Shot by Lucas Edmonds.
8:26 of 3rd period - Shot Misses the Net.
8:39 of 3rd period - Icing by Yan Kuznetsov.
8:40 of 3rd period - Farm Player 115 wins face-off versus Jack Becker in Wild zone.
9:21 of 3rd period - Shot by Austin Watson.
9:21 of 3rd period - Stopped by Magnus Hellberg without a rebound.
9:22 of 3rd period - Patrick Khodorenko wins face-off versus Austin Watson in Wild zone.
9:51 of 3rd period - Shot by Austin Watson.
9:51 of 3rd period - Shot Blocked by Alec Regula.
11:01 of 3rd period - Shot by Jakub Zboril.
11:01 of 3rd period - Shot Blocked by Andy Welinski.
11:03 of 3rd period - Shot by Tyson Hinds.
11:03 of 3rd period - Goal by Tyson Hinds - Penguins : 2 - Wild : 3.
11:04 of 3rd period - Kyle Marino wins face-off versus Ryan Winterton in neutral zone.
11:38 of 3rd period - Maxim Groshev is hit by Tyler Kleven and loses puck.
11:50 of 3rd period - Off-side.
11:51 of 3rd period - Jack Becker wins face-off versus Antti Saarela in neutral zone.
11:53 of 3rd period - Off-side.
11:54 of 3rd period - Jack Becker wins face-off versus Antti Saarela in neutral zone.
11:56 of 3rd period - Blake McLaughlin is hit by Jake Massie and loses puck.
12:13 of 3rd period - Minor Penalty to Jake Massie for Tripping.
12:14 of 3rd period - Patrick Khodorenko wins face-off versus Ryan Winterton in Penguins zone.
13:14 of 3rd period - Shot by Scott Reedy.
13:14 of 3rd period - Shot Misses the Net.
13:33 of 3rd period - Simon Johansson is hit by Farm Player 115 and loses puck.
13:35 of 3rd period - Minor Penalty to Simon Johansson for Hooking.
13:36 of 3rd period - Mark Senden wins face-off versus Austin Watson in Wild zone.
15:02 of 3rd period - Shot by Ryan Winterton.
15:02 of 3rd period - Shot Misses the Net.
15:04 of 3rd period - Shot by Tyler Kleven.
15:04 of 3rd period - Stopped by Magnus Hellberg with a rebound.
15:06 of 3rd period - Shot by Corey Schueneman.
15:06 of 3rd period - Stopped by Magnus Hellberg without a rebound.
15:07 of 3rd period - Scott Reedy wins face-off versus Antti Saarela in Wild zone.
15:42 of 3rd period - Shot by Jack Becker.
15:42 of 3rd period - Stopped by Mitchell Weeks with a rebound.
15:48 of 3rd period - Shot by Jack Becker.
15:48 of 3rd period - Shot Misses the Net.
15:50 of 3rd period - Shot by Kyle Marino.
15:50 of 3rd period - Stopped by Mitchell Weeks without a rebound.
15:51 of 3rd period - Farm Player 115 wins face-off versus Patrick Khodorenko in Penguins zone.
15:51 of 3rd period - Farm Player 115 is hit by Marc Johnstone.
16:07 of 3rd period - Shot by Viktor Neuchev.
16:07 of 3rd period - Shot Misses the Net.
16:09 of 3rd period - Shot by Andy Welinski.
16:09 of 3rd period - Stopped by Mitchell Weeks with a rebound.
16:11 of 3rd period - Shot by Dan Renouf.
16:11 of 3rd period - Stopped by Mitchell Weeks without a rebound.
16:12 of 3rd period - Jack Becker wins face-off versus Ryan Winterton in Penguins zone.
16:18 of 3rd period - Austin Watson is hit by Jake Bischoff.
16:24 of 3rd period - Shot by Austin Watson.
16:24 of 3rd period - Shot Misses the Net.
16:28 of 3rd period - Shot by Austin Watson.
16:28 of 3rd period - Stopped by Magnus Hellberg without a rebound.
16:29 of 3rd period - Antti Saarela wins face-off versus Kyle Marino in Wild zone.
16:39 of 3rd period - Off-side.
16:40 of 3rd period - Anton Blidh wins face-off versus Farm Player 115 in neutral zone.
17:23 of 3rd period - Off-side.
17:24 of 3rd period - Kyle Marino wins face-off versus Ryan Winterton in neutral zone.
17:26 of 3rd period - Andy Welinski is hit by Tyler Kleven and loses puck.
17:33 of 3rd period - Shot by Ryan Winterton.
17:33 of 3rd period - Shot Misses the Net.
17:35 of 3rd period - Shot by Austin Watson.
17:35 of 3rd period - Shot Misses the Net.
18:02 of 3rd period - Icing by Alec Regula.
18:03 of 3rd period - Kyle Marino wins face-off versus Antti Saarela in Wild zone.
18:23 of 3rd period - Minor Penalty to Patrick Khodorenko for Roughing.
18:24 of 3rd period - Maxim Groshev wins face-off versus Ryan Winterton in Wild zone.
18:24 of 3rd period - Maxim Groshev is hit by Austin Watson.
19:17 of 3rd period - Penguins, Mitchell Weeks is pulled from the net.
19:29 of 3rd period - Shot by Lucas Edmonds.
19:29 of 3rd period - Stopped by Magnus Hellberg with a rebound.
19:31 of 3rd period - Shot by Nikita Chibrikov.
19:31 of 3rd period - Stopped by Magnus Hellberg without a rebound.
19:32 of 3rd period - Antti Saarela wins face-off versus Scott Reedy in Wild zone.
19:33 of 3rd period - Shot by Corey Schueneman.
19:33 of 3rd period - Stopped by Magnus Hellberg without a rebound.
19:34 of 3rd period - Anton Blidh wins face-off versus Antti Saarela in Wild zone.
19:47 of 3rd period - Shot by Scott Reedy.
19:47 of 3rd period - Shot Blocked by Corey Schueneman.
Goals for this period are 2 for Penguins vs 0 for Wild.
Shots for this period are 11 for Penguins vs 12 for Wild.